 Seeded DCSS version 0.30-a0-591-g3c58d2bc28 (webtiles) character file.

Game seed: 6746111679627384687 (custom seed)

315 purpskrrrp the Shooter (level 6, 0/47 HPs)
             Began as a Formicid Hunter on Jan 5, 2023.
             Slain by an adder (3 damage)
             ... in a sewer.
             The game lasted 00:05:29 (2020 turns).

purpskrrrp the Shooter (Formicid Hunter)            Turns: 2020, Time: 00:05:30

Health: 0/47       AC:  4    Str: 15    XL:     6   Next: 72%
Magic:  6/6        EV: 12    Int:  9    God:
Gold:   120        SH:  5    Dex: 19    Spells: 5/5 levels left

rFire   . . .      SeeInvis +    a - +0 shortbow
rCold   . . .      Faith    .    g - +0 buckler {reflect}
rNeg    . . .      Spirit   .    c - +0 leather armour
rPois   .          Reflect  +    (helmet unavailable)
rElec   .          Harm     .    (no cloak)
rCorr   .          Rampage  .    (no gloves)
Will    .....                    j - +0 pair of boots
Stlth   +                        (no amulet)
HPRegen 0.27/turn                (no ring)
MPRegen 0.10/turn                (no ring)

@: invisible, very slow
A: permanent stasis, dig shafts and tunnels, antennae 3, four strong arms
a: Dig


You were in a sewer.
You visited 1 branch of the dungeon, and saw 4 of its levels.
You also visited: Sewer.

You collected 120 gold pieces.

Inventory:

Hand Weapons
 a - a +0 shortbow (weapon)
Armour
 c - a +0 leather armour (worn)
 g - a +0 buckler of reflection (worn)
 j - a +0 pair of boots (worn)
Scrolls
 b - a scroll of immolation
 f - a scroll of torment
 k - a scroll of fear
Potions
 e - 3 potions of cancellation
 i - a potion of attraction
 l - a potion of resistance
 m - a potion of degeneration {unknown}
 n - a potion of invisibility


   Skills:
 + Level 3.4 Fighting
 * Level 5.4 Ranged Weapons
 + Level 2.8 Dodging
 + Level 3.4 Stealth
 + Level 3.1 Shields


You had 5 spell levels left.
You didn't know any spells.
Your spell library contained the following spells:

 Spells                   Type           Power      Damage    Failure   Level
 Manifold Assault         Tloc           0%         N/A       99%         4
 Dispersal                Tloc           0%         N/A       100%        6
 Disjunction              Tloc           0%         N/A       100%        8


Dungeon Overview and Level Annotations

Branches:
Dungeon (4/15)              Sewer (1/1)
 Temple: D:4-7

Altars:

Shops:
D:1 (


Innate Abilities, Weirdness & Mutations

You cannot be hasted, slowed, berserked, paralysed or teleported.
You can dig through walls and to a lower floor.
You have a pair of large antennae on your head. (SInv)
Your four strong arms can wield two-handed weapons with a shield.


Message History

The bullfrog barely misses you. You block the frilled lizard's attack.
The bullfrog closely misses you. The adder barely misses you.
The frilled lizard closely misses you.
Fire: a) +0 shortbow
Press: ? - help, Shift-Dir - straight line, f - adder, p - bullfrog
Aim: an adder (unable to see you, 48% to hit)
You shoot an arrow. The arrow closely misses the adder.
The bullfrog barely misses you. The adder barely misses you.
The bullfrog hits you. The adder bites you but does no damage.
The frilled lizard barely misses you. x2
Fire: a) +0 shortbow
Press: ? - help, Shift-Dir - straight line, f/p - adder
Aim: an adder (unable to see you, 48% to hit)
You shoot an arrow. The arrow closely misses the adder.
The bullfrog hits you. You block the adder's attack.
The bullfrog hits you but does no damage.
The frilled lizard bites you.
* * * LOW HITPOINT WARNING * * *
The frilled lizard closely misses you. The adder closely misses you.
You enter the shallow water.
Moving in this stuff is going to be slow. ...and don't expect to remain undetected.
The frilled lizard bites you but does no damage.
The bullfrog hits you.
* * * LOW HITPOINT WARNING * * *
The adder attacks as you move away! You block the adder's attack.
The adder bites you.
* * * LOW HITPOINT WARNING * * *
The bullfrog hits you but does no damage.
The adder misses you.
The frilled lizard bites you but does no damage.
The bullfrog hits you!
* * * LOW HITPOINT WARNING * * *
Fire: a) +0 shortbow
Press: ? - help, Shift-Dir - straight line, f - bullfrog, p - adder
Aim: a bullfrog (water, moderately wounded, 58% to hit)
You shoot an arrow. The arrow hits the bullfrog.
The bullfrog is heavily wounded.
The bullfrog barely misses you. The adder bites you.
You die...

#####...# #..'....#
#..#....# ####...##
##################....#
.#≈≈≈≈≈≈≈≈≈≈≈≈≈≈≈......#
.~≈≈≈≈≈≈≈≈≈≈≈≈≈≈≈~....##
.~#~~†≈≈≈≈l≈≈~~~~~....#
.~~≈≈~~≈≈lF@~~≈≈≈~....#
≈≈#~..S≈≈≈≈≈≈~...##
#≈≈≈≈≈≈≈≈≈≈≈≈≈≈≈#.###
###################


You could see a bullfrog, an adder and 2 frilled lizards.

Vanquished Creatures
  A bullfrog (Sewer)
  A gnoll (D:1)
  7 adders
  10 river rats
  2 worms
  2 dart slugs (D:1)
  An orc (D:2)
  20 ball pythons
  2 bats (D:2)
  3 endoplasms
  A goblin (D:4)
  4 hobgoblins
  4 jackals (D:1)
  5 kobolds (D:1)
  2 quokkas (D:1)
  A frilled lizard (D:1)
  28 rats
94 creatures vanquished.

Vanquished Creatures (others)
  3 plants (D:4)
3 creatures vanquished.

Grand Total: 97 creatures vanquished

Notes
Turn   | Place    | Note
-------+----------+-------------------------------------------
     0 | D:1      | purpskrrrp the Formicid Hunter began the quest for the Orb.
     0 | D:1      | Reached XP level 1. HP: 16/16 MP: 1/1
    38 | D:1      | Found Toteum's Antique Weapon Shoppe.
   268 | D:1      | Reached XP level 2. HP: 23/23 MP: 2/2
   352 | D:1      | Reached skill level 1 in Shields
   440 | D:1      | Reached XP level 3. HP: 28/28 MP: 3/3
  1226 | D:2      | Reached XP level 4. HP: 34/34 MP: 4/4
  1286 | D:2      | You fall into a shaft and drop 2 floors!
  1563 | D:3      | Reached XP level 5. HP: 24/40 MP: 5/5
  1632 | D:3      | Found a glowing drain.
  1640 | Sewer    | Entered a sewer
  1659 | Sewer    | Reached skill level 5 in Ranged Weapons
  1783 | Sewer    | Reached XP level 6. HP: 47/47 MP: 6/6
  2020 | Sewer    | Slain by an adder

Illustrated notes

Levels and vault maps discovered:
D:1:      enne_arrival_octagon_isle, layout_loops_ring, serial_shops,
          nicolae_shop_hallway_stairs, nrook_campfire
D:2:      layout_basic
D:3:      layout_basic, lightli_sewer_entry_pipes, uniq_grinder, uniq_natasha
D:4:      layout_cave_pools, nicolae_ashenzari_panopticon, temple_hall,
          serial_bayou, serial_bayou_ford_a, serial_bayou_pond_d,
          serial_bayou_lake_a, serial_bayou_shore_a, serial_bayou_crossing
Sewer:    sewer_minmay_w

Skill      XL: |  1  2  3  4  5  6 |
---------------+-------------------+-----
Dodging        | 2 |  2.8
Shields        | 1 2 3 |  3.1
Stealth        | 2 3 |  3.4
Fighting       | 3 |  3.4
Ranged Weapons | 5 |  5.4

Action                   |  1- 3 |  4- 6 || total
-------------------------+-------+-------++-------
 Fire: Shortbow          |    83 |   189 ||   272
  Use: Scroll            |     6 |     2 ||     8
       Potion            |       |     5 ||     5
Armor: Leather armour    |    11 |    37 ||    48
Dodge: Dodged            |    35 |    93 ||   128
Block: Buckler           |    11 |    29 ||    40

Table legend: (Time is in decaauts)
 A = Elapsed time spent in this place.
 B = Non-inter-level travel time spent in this place.
 C = Inter-level travel time spent in this place.
 D = Time resting spent in this place.
 E = Time spent auto-exploring this place.
 F = Levels seen in this place.
 G = Mean time per level.
                   A        B        C        D        E       F      G
               +--------+--------+--------+--------+--------+-----+--------+
         Total |   2181 |   2133 |     48 |    165 |   1261 |   5 |  436.2 |
       Dungeon |   1716 |   1668 |     48 |    145 |   1095 |   4 |  429.0 |
         Sewer |    465 |    465 |      0 |     20 |    165 |   1 |  465.0 |
               +--------+--------+--------+--------+--------+-----+--------+

Top non-repeatable levels by time:
     D:1: 1124 daAuts
   Sewer: 465 daAuts
     D:3: 273 daAuts
     D:2: 191 daAuts
     D:4: 126 daAuts
